 Dungeon Crawl Stone Soup version 0.32-a0-599-gba8f9cf90e (webtiles) character file.

Game seed: 1965240649833341487

347 Drazool the Shooter (level 6, -6/42 (44) HPs)
             Began as a Coglin Hunter on Mar 2, 2024.
             Mangled by a wight
             ... wielding a +3 halberd
              (18 damage)
             ... on level 4 of the Dungeon on Mar 3, 2024.
             The game lasted 00:07:34 (2776 turns).

Drazool the Shooter (Coglin Hunter)                 Turns: 2776, Time: 00:07:35

HP:   -6/42 (44)    AC:  5    Str: 11    XL:     6   Next: 59%
MP:   6/6           EV: 12    Int:  8    God:
Gold: 195           SH:  0    Dex: 20    Spells: 5/5 levels left

rFire   . . .        a - +3 sling {Genichi}
rCold   . . .        d - +0 sling {Isabel}
rNeg    . . .        c - +0 leather armour
rPois   .            h - +2 hat
rElec   .            (no cloak)
rCorr   .            (no gloves)
SInv    .            (no boots)
Will    .....        (amulet unavailable)
Stlth   ++           (ring unavailable)
HPRegen 0.27/turn    (ring unavailable)
MPRegen 0.10/turn    (no gizmo)

%: no passive effects
@: lightly drained, revved
A: off-hand wielding, slow wielding, warmup strikes, no jewellery
a: Invent Gizmo, Convert to Beogh


You were on level 4 of the Dungeon.
You visited 1 branch of the dungeon, and saw 4 of its levels.

You collected 195 gold pieces.


Innate Abilities, Weirdness & Mutations

You can wield a second weapon in your off-hand.
It takes a long time for you to wield or remove held weapons.
Your first few attacks do less damage.
You cannot equip rings or amulets.


   Skills:
 - Level 2.0 Fighting
 + Level 7.0 Ranged Weapons
 - Level 1.7 Dodging
 - Level 0.7 Stealth


You had 5 spell levels left.
You didn't know any spells.
Your spell library contained the following spells:

 Spells                   Type           Power      Damage    Failure   Level
 Sublimation of Blood     Necr           0%         N/A       65%         2
 Petrify                  Alch/Erth      0%         N/A       99%         4
 Irradiate                Conj/Alch      0%         3d11      100%        5
 Chain Lightning          Conj/Air       0%         N/A       100%        9
 Fire Storm               Conj/Fire      0%         5d1       100%        9
 Shatter                  Erth           0%         3d5*      100%        9

Inventory:

Hand Weapons
 a - a +3 sling (weapon) {Genichi}
 d - a +0 sling (offhand) {Isabel}
Armour
 c - a +0 leather armour (worn)
 h - a +2 hat (worn)
Scrolls
 b - a scroll of butterflies
 k - a scroll of silence {!r}
 l - 2 scrolls of fear
Potions
 f - 2 potions of ambrosia {unknown}
 g - a potion of haste {unknown}
 i - a potion of magic {unknown}
 j - a potion of mutation {unknown}
 m - a potion of heal wounds {unknown}
 n - a potion of lignification {unknown}
 p - a potion of enlightenment {unknown}
 s - a potion of curing {@q1}

Dungeon Overview and Level Annotations

Branches:
Dungeon (4/15)
 Temple: D:4-7

Altars:
Ru

Annotations:
D:3 exclusion: ogre
D:4 Grinder

#.....<#
#......#
#...$..#
#.....÷# .
#....÷.# ..
#......# ...
#))÷...# ..5.
#))o...# .(...
#@)z))o#.....J
#####..'....g.
####......
#'###


You could see a wight, an orc priest and an orc.


Message History

You shoot a sling bullet.
The sling bullet closely misses the wight.
The sling bullet closely misses the orc.
Fire: a) +3 sling {Genichi}
Press: ? - help, Q - select action, (/) - cycle Shift-Dir - straight line, f/p - orc
Aim: an orc, wielding a +0 club (severely wounded, 67% to hit)
You shoot a sling bullet.
The sling bullet hits the wight but does no damage.
The wight is moderately damaged.
You shoot a sling bullet.
The sling bullet barely misses the wight.
The sling bullet barely misses the orc.
An orc priest comes into view. It is wielding a +0 hand axe.
Fire: a) +3 sling {Genichi}
Press: ? - help, Q - select action, (/) - cycle Shift-Dir - straight line, f - orc priest, p - orc
Aim: an orc priest, wielding a +0 hand axe (67% to hit)
You shoot a sling bullet.
The sling bullet closely misses the wight.
The sling bullet hits the orc priest.
The orc priest is moderately wounded.
You shoot a sling bullet. The sling bullet hits the wight.
The wight is severely damaged.
The wight hits you from afar with a +3 halberd!
* * * LOW HITPOINT WARNING * * *
You feel drained.
* * * LOW HITPOINT WARNING * * *
The orc priest shouts, "The Pantheon deserves no one's loyalty.
Let us show you the true path!" (press Y on the ability menu to convert to Beogh)
The wight hits you from afar with a +3 halberd!!
You die...

Skill      XL: |  1  2  3  4  5  6 |
---------------+-------------------+-----
Ranged Weapons | 4 5 6 7 |  7.0
Fighting       | |  2.0
Dodging        | |  1.7
Stealth        | |  0.7

Action                     |  1- 3 |  4- 6 || total
---------------------------+-------+-------++-------
   Fire: Sling             |   156 |   240 ||   396
    Use: Scroll            |       |     9 ||     9
         Potion            |       |     1 ||     1
 Armour: Leather armour    |    12 |    32 ||    44
  Dodge: Dodged            |    10 |    29 ||    39

Levels and vault maps discovered:
D:1:      roadster_arrival_rocket_small, layout_loops_cross
D:2:      layout_basic, basic_altar, uniq_terence
D:3:      minmay_chambers_of_twos, layout_basic, basic_ecumenical_altar,
          minivault_5, minmay_misc_feat_pillars, minivault_5,
          minmay_goblin_kobold_house
D:4:      cheibrodos_quashed, layout_basic, mainiacjoe_overflow_alcove_2,
          lemuel_crystal_altar, portal_sewer_entry_f, gammafunk_ghost_arena,
          minmay_quantized, uniq_ijyb, uniq_grinder, uniq_robin

Notes
Turn   | Place    | Note
-------+----------+-------------------------------------------
     0 | D:1      | Drazool the Coglin Hunter began the quest for the Orb.
     0 | D:1      | Reached XP level 1. HP: 16/16 MP: 1/1
    28 | D:1      | Reached skill level 4 in Ranged Weapons
    28 | D:1      | Reached XP level 2. HP: 22/22 MP: 2/2
   368 | D:1      | Reached XP level 3. HP: 27/27 MP: 3/3
   908 | D:2      | Found a sacrificial altar of Ru.
   909 | D:2      | Noticed Terence
   976 | D:2      | Killed Terence
   977 | D:2      | Reached skill level 5 in Ranged Weapons
   977 | D:2      | Reached XP level 4. HP: 33/33 MP: 4/4
  1776 | D:3      | Reached XP level 5. HP: 38/38 MP: 5/5
  1968 | D:3      | Reached skill level 6 in Ranged Weapons
  2006 | D:3      | Identified the +10 dagger "Zopot" {drain, Dex+3 Stlth+}
  2226 | D:3      | Noticed an ogre
  2233 | D:3      | Upgraded the game from 0.32-a0-593-g85ff8e36a1 to
                  | 0.32-a0-599-gba8f9cf90e
  2264 | D:3      | Found a faded altar of an unknown god.
  2436 | D:4      | Noticed Robin
  2440 | D:3      | Reached XP level 6. HP: 40/44 MP: 6/6
  2670 | D:4      | Killed Robin
  2751 | D:4      | Noticed Grinder
  2773 | D:4      | Reached skill level 7 in Ranged Weapons
  2776 | D:4      | Mangled by a wight

Vanquished Creatures
  A wight (D:4)
  A bombardier beetle (D:3)
  Terence (D:2)
  Robin (D:4)
  9 gnolls
  5 adders
  5 dart slugs
  An orc (D:4)
  6 ball pythons
  8 endoplasms
  3 giant cockroaches
  9 goblins
  10 hobgoblins
  7 jackals (D:1)
  5 kobolds
  3 quokkas
  6 bats
  3 frilled lizards (D:1)
  7 rats
91 creatures vanquished.

Table legend: (Time is in decaauts)
 A = Elapsed time spent in this place.
 B = Non-inter-level travel time spent in this place.
 C = Inter-level travel time spent in this place.
 D = Time resting spent in this place.
 E = Time spent auto-exploring this place.
 F = Levels seen in this place.
 G = Mean time per level.
                   A        B        C        D        E       F      G
               +--------+--------+--------+--------+--------+-----+--------+
         Total |   2813 |   2626 |    187 |    160 |   1988 |   4 |  703.2 |
       Dungeon |   2813 |   2626 |    187 |    160 |   1988 |   4 |  703.2 |
               +--------+--------+--------+--------+--------+-----+--------+

Top non-repeatable levels by time:
     D:3: 1291 daAuts
     D:1: 689 daAuts
     D:2: 685 daAuts
     D:4: 147 daAuts

Table legend:
 A = Non-vault XP
 B = Vault XP
 C = Vault XP percentage of total XP
 D = Non-vault monster count
 E = Vault monster count
 F = Vault count percentage of total count
                 A         B        C        D         E       F
            +---------+---------+-------+---------+---------+-------
      Total |     348 |     149 |  30.0 |      71 |      20 |  22.0
            +---------+---------+-------+---------+---------+-------
        D:1 |      58 |       0 |   0.0 |      31 |       0 |   0.0
        D:2 |      42 |      38 |  47.5 |      18 |       1 |   5.3
        D:3 |     116 |      83 |  41.7 |      15 |      11 |  42.3
        D:4 |     132 |      28 |  17.5 |       7 |       8 |  53.3
            +---------+---------+-------+---------+---------+-------
